 Dungeon Crawl Stone Soup version 0.18-a0-1788-g92de1ac (webtiles) character file.

67 macross the Sneak (level 4, -7/23 HPs)
             Began as a Vine Stalker Assassin on Apr 21, 2016.
             Mangled by a hell rat (15 damage)
             ... on level 4 of the Dungeon.
             The game lasted 00:09:38 (1750 turns).

macross the Sneak (Vine Stalker Assassin)           Turns: 1750, Time: 00:09:39

Health: -7/23      AC:  3    Str: 16 (18) XL:     4   Next: 16%
Magic:  0/5        EV: 17    Int:  8 (11) God:    Xom [.*....]
Gold:   106        SH:  0    Dex: 19 (21) Spells: 0 memorised, 3 levels left

rFire  + . .     SeeInvis .     a - +2 dagger
rCold  . . .     Gourm    .     j - +0 robe
rNeg   . . .     Faith    .     (no shield)
rPois  .         Spirit   +     (no helmet)
rElec  .         Dismiss  .     d - +0 cloak
rCorr  .         Reflect  .     (no gloves)
SustAt .         Harm     .     (no boots)
MR     .....                    (no amulet)
Stlth  ++++......               u - +4 ring of strength
                                k - ring of protection from fire

@: agile, not resistant to hostile enchantments, stealthy
A: fangs 2, regeneration 1, magic shield, antimagic bite, no device heal 3, rot
immunity
a: Renounce Religion


You were on level 4 of the Dungeon.
You worshipped Xom.
You were a plaything of Xom.
You were very full.

You visited 1 branch of the dungeon, and saw 4 of its levels.

You collected 106 gold pieces.

Inventory:

Hand Weapons
 a - a +2 dagger (weapon)
 b - a +0 blowgun
Missiles
 e - 23 poisoned needles
 f - 2 curare-tipped needles
Armour
 c - a +0 robe
 d - a +0 cloak (worn)
 g - a +0 cloak
 j - a +0 robe (worn)
Jewellery
 k - a ring of protection from fire (left hand)
 u - a +4 ring of strength (right hand)
Scrolls
 h - a scroll of recharging {unknown}
 m - a scroll of enchant armour {unknown}
 n - a scroll of teleportation {unknown}
 v - a scroll of random uselessness {unknown}
Potions
 i - a potion of cure mutation
 o - a potion of brilliance
 t - a potion of flight {unknown}
Comestibles
 l - 3 meat rations
 p - 2 bread rations
 r - a slice of pizza


   Skills:
 + Level 2.0 Fighting
 + Level 2.0 Short Blades
 + Level 2.2 Throwing
 + Level 1.6 Dodging
 + Level 5.8 Stealth


You had 3 spell levels left.
You didn't know any spells.

Dungeon Overview and Level Annotations

Branches:
Dungeon (4/15)
 Temple: D:4-7

Altars:
Xom
Zin


Innate Abilities, Weirdness & Mutations

You have extremely sharp teeth.
Your natural rate of healing is unusually fast.
When hurt, damage is shared between your health and your magic reserves.
Your bite disrupts and absorbs the magic of your enemies.
Potions and wands cannot restore your health.
You are immune to rotting.


Message History

The hell rat misses you. The hell rat misses you. The orc barely misses you.
The orc completely misses you. The hell rat barely misses you.
a - a +2 dagger (weapon)
The orc completely misses you.
You hit the hell rat.
The hell rat is lightly wounded.
The hell rat completely misses you. The orc misses you.
The hell rat barely misses you.
You hit the hell rat but do no damage. Your bite misses the hell rat.
The hell rat is lightly wounded.
The hell rat barely misses you. The orc hits you.
You hit the hell rat but do no damage.
You bite the hell rat, but do no damage.
The hell rat is lightly wounded.
The hell rat misses you.
You hit the hell rat but do no damage. The hell rat bites you!
Ouch! That really hurt!
You die...
Xom bursts into laughter!

#..# ######)## # #.......#
.# #.......# #####.#
#.......###.....#
#.......##......# #.#
#........#......# #.#
#........#(.....# #.# .
#........r@.....# #.###..
#.......#o....#.# ##.....
#.......#.....#.####...####
#.......##.................
#.......##.###......)......
#.......##.. #.............
#.......##...##+######.....
##########... #..... #...#
#.....


You could see a hell rat and an orc.

Vanquished Creatures
  2 adders (D:2)
  A dart slug (D:2)
  2 giant geckos (D:2)
  An orc (D:4)
  4 bats
  4 giant cockroaches
  5 goblins
  3 hobgoblins
  3 jackals (D:1)
  3 quokkas
  A ball python (D:1)
  2 giant newts (D:1)
  6 kobolds (D:1)
  4 rats
41 creatures vanquished.

Notes
Turn   | Place    | Note
--------------------------------------------------------------
     0 | D:1      | macross the Vine Stalker Assassin began the quest for the Orb.
     0 | D:1      | Reached XP level 1. HP: 11/11 MP: 2/2
   103 | D:1      | Reached skill level 5 in Stealth
   150 | D:1      | Reached XP level 2. HP: 8/15 MP: 1/3
   181 | D:1      | Reached skill level 1 in Dodging
  1047 | D:2      | Reached XP level 3. HP: 14/18 MP: 4/4
  1095 | D:2      | Found a glowing silver altar of Zin.
  1445 | D:2      | Reached XP level 4. HP: 23/23 MP: 5/5
  1561 | D:3      | Found a shimmering altar of Xom.
  1605 | D:3      | Became a worshipper of Xom of Chaos
  1717 | D:4      | XOM: potion effect (agility)
  1732 | D:4      | XOM: polymorph orc priest -> hell rat
  1750 | D:4      | Mangled by a hell rat

Vault maps used:
D:1:      minmay_arrival_loop
D:2:      overflow_temple_1_default, gammafunk_pakellas_statue_experiment
D:3:      lemuel_crystal_altar, marbit_many_paths, grunt_gozag_statues,
          nicolae_ashenzari_panopticon, old_standard_altar, uniq_jessica
D:4:      nicolae_dithmenos_the_darkroom, temple_statues, uniq_menkaure

Skill      XL: |  1  2  3 |
---------------+----------+-----
Stealth        | 5 |  5.8
Dodging        | 1 |  1.6
Throwing       | 2 |  2.2
Fighting       | 2 |  2.0
Short Blades   | 2 |  2.0

Action                   |  1- 3 |  4- 6 || total
-------------------------+-------+-------++-------
Melee: Dagger            |    71 |    18 ||    89
       Bite              |    14 |     3 ||    17
 Fire: Blowgun           |    43 |     5 ||    48
  Use: Scroll            |       |     2 ||     2
       Potion            |       |     2 ||     2
 Stab: Sleeping          |     5 |     1 ||     6
       Distracted        |     1 |       ||     1
  Eat: Bread ration      |     2 |       ||     2
Armor: Robe              |    21 |     5 ||    26
Dodge: Dodged            |    52 |    34 ||    86
